[Event "Titled Tuesday Blitz November 08 Late 2022"]
[White "Boruchovsky, Avital"]
[Black "Melkumyan, Hrant"]
[WhiteFideId "2800055"]
[BlackFideId "13302485"]
[WhiteElo "2458"]
[BlackElo "2604"]
[Result "1-0"]
[Round "11"]
[TimeControl "180+1"]
[Date "2022.11.09"]
[WhiteClock "0:00:04"]
[BlackClock "0:00:02"]

1. e4 c5 2. Nf3 Nc6 3. Bb5 g6 4. O-O Bg7 5. c3 a6 6. Bxc6 dxc6 7. h3 Nf6 8. Re1 O-O 9. d4 Nd7 10. Be3 cxd4 11. cxd4 e5 12. Nc3 exd4 13. Bxd4 Nf6 14. Qb3 Qe7 15. Na4 b5 16. Nb6 Rb8 17. Qc3 Rd8 18. Nxc8 Rbxc8 19. b4 a5 20. a3 h6 21. Rac1 Qe6 22. Bxf6 Bxf6 23. e5 Bg7 24. Nd4 Qd7 25. Nxc6 axb4 26. axb4 Kh7 27. Qc5 Re8 28. Qxb5 Re6 29. Nd4 Rxc1 30. Qxd7 Rxe1+ 31. Kh2 R6xe5 32. Qxf7 Re7 33. Qd5 Rd1 34. Qc5 Re5 35. Qa7 Rd5 36. Ne6 Rd7 37. Qc5 R1d5 38. Qc8 Be5+ 39. g3 Bd6 40. Qxd7+ Kg8 41. Qg7# 1-0


[Site "https://www.chess.com"]

[Event "Titled Tuesday Blitz November 08 Late 2022"]
[White "Chernomordik, Pavel"]
[Black "Annaberdiyev, Babageldi"]
[WhiteFideId "2804530"]
[BlackFideId "14000385"]
[WhiteElo "2192"]
[BlackElo "2332"]
[Result "1/2-1/2"]
[Round "11"]
[TimeControl "180+1"]
[Date "2022.11.09"]
[WhiteClock "0:00:27"]
[BlackClock "0:00:37"]

1. e4 c5 2. Nc3 e6 3. f4 a6 4. g3 b5 5. Bg2 Bb7 6. Qe2 h5 7. Nf3 Nc6 8. d3 Nf6 9. e5 Ng4 10. h3 Nh6 11. Ne4 Nf5 12. c3 d5 13. exd6 Bxd6 14. Qf2 Qe7 15. g4 hxg4 16. hxg4 Rxh1+ 17. Bxh1 Nh6 18. Qg1 O-O-O 19. Be3 f5 20. Nxc5 Nxg4 21. Nxb7 Kxb7 22. O-O-O Nxe3 23. Qxe3 Qc7 24. Ne5 Bxe5 25. fxe5 Rd7 26. d4 Qb6 27. Rg1 Kc7 28. Rg6 Nd8 29. Qg1 b4 30. Rxg7 bxc3 31. Rxd7+ Kxd7 32. bxc3 Qa5 33. Kb2 Qb5+ 34. Ka1 Qd3 35. Qc1 f4 36. Qxf4 Qxc3+ 37. Kb1 Qd3+ 38. Kc1 Qc3+ 39. Kd1 Qa1+ 40. Qc1 Qxd4+ 41. Qd2 Qxd2+ 42. Kxd2 Nf7 43. Kc3 Nxe5 44. Kb4 Kc7 45. Ka5 Nd3 46. Kxa6 Nb4+ 47. Kb5 Nxa2 48. Kc4 Kd6 49. Bf3 Ke5 50. Kb3 Kf4 51. Bh5 Nc1+ 52. Kc2 Na2 53. Kb3 Nc1+ 54. Kc2 Na2 55. Kb3 1/2-1/2


[Site "https://www.chess.com"]

[Event "Titled Tuesday Blitz November 08 Late 2022"]
[White "Chigaev, Maksim"]
[Black "Sarana, Alexey"]
[WhiteFideId "4108116"]
[BlackFideId "24133795"]
[WhiteElo "2541"]
[BlackElo "2708"]
[Result "1-0"]
[Round "11"]
[TimeControl "180+1"]
[Date "2022.11.09"]
[WhiteClock "0:00:06"]
[BlackClock "0:00:02"]

1. Nf3 d5 2. c4 d4 3. b4 c5 4. Bb2 Nf6 5. g3 e6 6. Bg2 Nc6 7. b5 Na5 8. d3 Bd6 9. O-O O-O 10. e3 e5 11. Re1 a6 12. a4 h6 13. exd4 exd4 14. Nbd2 Bf5 15. Qc2 Bh7 16. h3 Qc7 17. Nb3 axb5 18. cxb5 Nd5 19. Nxa5 Nb4 20. Qb3 Qxa5 21. Bf1 Bf5 22. Nd2 Qc7 23. Kh2 h5 24. h4 Qd8 25. Kg1 Be6 26. Nc4 Qc7 27. Kh2 Rae8 28. Ba3 Nd5 29. Rac1 b6 30. Qd1 g6 31. Qd2 Nc3 32. a5 bxa5 33. b6 Qd7 34. Nxd6 Qxd6 35. Rxc3 dxc3 36. Qxc3 Qxb6 37. Bxc5 Rc8 38. d4 Qb8 39. Qe3 Rfd8 40. Qh6 Bf5 41. Bc4 Rd7 42. Re5 Qb2 43. Rxf5 gxf5 44. Qg6+ Kh8 45. Qxh5+ Kg8 46. Qg6+ Kh8 47. Qh6+ Kg8 48. Qg5+ Kh8 49. Qxf5 Rxc5 50. dxc5 Qd4 51. c6 Rc7 52. Bd3 Kg7 53. Qg5+ Kf8 54. Bf1 a4 55. Bg2 a3 56. Qa5 Qd6 57. Qa8+ Kg7 58. Qa5 f6 59. h5 Qe7 60. f4 Kf8 61. Qa8+ Kg7 62. Qa5 Qd6 63. Qf5 Kf8 64. h6 a2 65. Qa5 Rh7 66. Qa8+ Kf7 67. Qb7+ Kg6 68. Be4+ f5 69. Bxf5+ Kxf5 70. Qxh7+ Kg4 71. Qg8+ Kf3 72. Qb3+ Kg4 73. Qxa2 Qxh6+ 74. Kg1 Qxc6 75. Qf2 Qc1+ 76. Kh2 Qd1 77. Qg2 Kf5 78. Qh3+ Ke4 79. Qe6+ Kf3 80. Qc6+ Ke3 81. Qe6+ Kf3 82. Qc6+ Ke3 83. Qb6+ Kf3 84. Qb7+ Ke3 85. Qa7+ Kf3 86. Qa8+ Ke3 87. Qe8+ Kf2 88. Kh3 Qh1+ 89. Kg4 Qf3+ 90. Kf5 Qxg3 91. Qe5 Qh3+ 92. Kg5 Qg3+ 93. Kf6 Qh4+ 94. Qg5 Qh1 95. f5 Qb7 96. Kg6 Qe4 97. Kg7 Qd4+ 98. f6 Kf3 99. Kg8 Qc4+ 100. f7 Qb3 101. Kg7 Qb2+ 102. Qf6+ 1-0


[Site "https://www.chess.com"]

[Event "Titled Tuesday Blitz November 08 Late 2022"]
[White "Curtis, John"]
[Black "Rose, Felix"]
[WhiteFideId "3200256"]
[BlackFideId "5105722"]
[WhiteElo "2203"]
[BlackElo "2039"]
[Result "1-0"]
[Round "11"]
[TimeControl "180+1"]
[Date "2022.11.09"]
[WhiteClock "0:01:07"]
[BlackClock "0:00:01"]

1. d4 d5 2. c4 e6 3. Nc3 Nf6 4. Bg5 Be7 5. cxd5 exd5 6. e3 c6 7. Bd3 Nbd7 8. Nge2 h6 9. Bxf6 Nxf6 10. O-O O-O 11. Rb1 a5 12. a3 Bd6 13. Ng3 Re8 14. Nf5 Bc7 15. b4 axb4 16. axb4 h5 17. b5 g6 18. Ng3 Qd6 19. Re1 Ng4 20. e4 Qf4 21. Qf3 h4 22. Qxf4 Bxf4 23. Nf1 dxe4 24. Rxe4 Rxe4 25. Bxe4 Ra3 26. Ne2 Bd6 27. bxc6 bxc6 28. Bxc6 Ba6 29. Bf3 Nf6 30. Ne3 Kg7 31. g4 hxg3 32. hxg3 Bxe2 33. Bxe2 Bxg3 34. Nc4 Ra2 35. fxg3 Rxe2 36. Rd1 Ne4 37. d5 Rc2 38. d6 Nxd6 39. Nxd6 Kh6 40. Nxf7+ Kh5 41. Rd4 Rc7 42. Rh4# 1-0


[Site "https://www.chess.com"]

[Event "Titled Tuesday Blitz November 08 Late 2022"]
[White "Deac, Bogdan-Daniel"]
[Black "Urazayev, Arystanbek"]
[WhiteFideId "1226380"]
[BlackFideId "13709810"]
[WhiteElo "2648"]
[BlackElo "2441"]
[Result "1-0"]
[Round "11"]
[TimeControl "180+1"]
[Date "2022.11.09"]
[WhiteClock "0:00:20"]
[BlackClock "0:00:20"]

1. e4 c5 2. Nf3 e6 3. g3 Nc6 4. Bg2 Nf6 5. Qe2 e5 6. O-O Be7 7. Nc3 O-O 8. Nd5 d6 9. c3 Be6 10. Ne1 Rb8 11. Nc2 b5 12. Nce3 b4 13. f4 bxc3 14. dxc3 Na5 15. Nxe7+ Qxe7 16. f5 Bd7 17. g4 Bc6 18. g5 Nxe4 19. f6 Qb7 20. Nf5 d5 21. Bxe4 dxe4 22. fxg7 Rfd8 23. Nh6+ Kxg7 24. Rxf7+ Qxf7 25. Nxf7 Kxf7 26. Be3 Bb5 27. Qh5+ Kg8 28. g6 Rb7 29. Qg5 Rd6 30. gxh7+ Kxh7 31. Kh1 Rg7 32. Qf5+ Kg8 33. Rg1 Rxg1+ 34. Kxg1 Nc4 35. Bxc5 Rd1+ 36. Kg2 e3 37. Qg4+ Kf7 38. Qxd1 Nd2 39. Bxe3 Bc6+ 40. Kf2 1-0


[Site "https://www.chess.com"]

[Event "Titled Tuesday Blitz November 08 Late 2022"]
[White "Diaz Rosas, Julio Cesar"]
[Black "Romero Ruscalleda, Josep"]
[WhiteFideId "5105099"]
[BlackFideId "2231859"]
[WhiteElo "2246"]
[BlackElo "2183"]
[Result "0-1"]
[Round "11"]
[TimeControl "180+1"]
[Date "2022.11.09"]
[WhiteClock "0:00:02"]
[BlackClock "0:00:18"]

1. e4 g6 2. d4 Bg7 3. Nc3 d6 4. Nf3 a6 5. a4 Nc6 6. h3 e5 7. dxe5 Nxe5 8. Be3 Ne7 9. Nxe5 Bxe5 10. Qd2 Be6 11. Be2 Qd7 12. f4 Bg7 13. O-O f5 14. Bd4 Nc6 15. Bxg7 Qxg7 16. exf5 Bxf5 17. Rae1 O-O-O 18. Nd5 Qd4+ 19. Qxd4 Nxd4 20. Ne7+ Kb8 21. Nxf5 Nxf5 22. Bd3 Rdf8 23. Bxf5 Rxf5 24. Re7 h6 25. Rf2 Rhf8 26. g3 g5 27. b3 gxf4 28. g4 R5f7 29. Rxf7 Rxf7 30. Kg2 Kc8 31. Kf3 Kd7 32. Re2 d5 33. Re5 Kd6 34. Rh5 Rf6 35. h4 c5 36. g5 hxg5 37. hxg5 Rf8 38. g6 Rg8 39. Rg5 b5 40. g7 bxa4 41. bxa4 c4 42. Kxf4 Ke6 43. Rg6+ Kf7 44. Rxa6 Kxg7 45. Ke5 Rd8 46. Kd4 Kf7 47. a5 Ke7 48. Rc6 Ra8 49. Rc5 Kd7 50. Kxd5 Ra6 51. Kxc4 Kd6 52. Kb4 Ra8 53. c4 Ra7 54. Rb5 Kc6 55. Rb6+ Kc7 56. Kb5 Ra8 57. c5 Rh8 58. Rc6+ Kb7 59. a6+ Ka7 60. Rc7+ Ka8 61. Rb7 Rh6 62. Rh7 Rxh7 63. Kb6 Kb8 64. c6 Rc7 65. Kc5 Ka7 66. Kd6 Kb6 0-1


[Site "https://www.chess.com"]

[Event "Titled Tuesday Blitz November 08 Late 2022"]
[White "Do Nascimento,Christian Almeida"]
[Black "Paiva, Henrique M A Albergaria"]
[WhiteFideId "2143801"]
[BlackFideId "1920995"]
[WhiteElo "2079"]
[BlackElo "1953"]
[Result "1-0"]
[Round "11"]
[TimeControl "180+1"]
[Date "2022.11.09"]
[WhiteClock "0:00:07"]
[BlackClock "0:00:12"]

1. d4 Nf6 2. Bg5 d5 3. Bxf6 exf6 4. c4 dxc4 5. e3 c6 6. Bxc4 f5 7. Nf3 Nd7 8. O-O Bd6 9. Nc3 O-O 10. e4 fxe4 11. Nxe4 Bc7 12. d5 Nb6 13. Bb3 cxd5 14. Nc3 Be6 15. Nd4 Qf6 16. Rc1 Be5 17. Nxe6 fxe6 18. Qe2 Rac8 19. Rce1 Bxc3 20. bxc3 Rfe8 21. Qh5 g6 22. Qg4 Rxc3 23. h4 a5 24. Bd1 Rc4 25. f4 Qf5 26. Qg3 Rec8 27. Bg4 Rc3 28. Qxc3 Rxc3 29. Bxf5 exf5 30. Rb1 Rc6 31. Rfc1 Rxc1+ 32. Rxc1 Nc4 33. Rd1 Ne3 34. Rd3 Nc4 35. Rxd5 Kg7 36. Rd7+ Kh6 37. Rxb7 Kh5 38. g3 Kg4 39. Kh2 h6 40. Ra7 Nd2 41. Rg7 Nf1+ 42. Kg2 Ne3+ 43. Kf2 Nd1+ 44. Ke2 Nc3+ 45. Kd3 Ne4 46. Rxg6+ Kf3 47. h5 Nxg3 48. Rxh6 Kg4 49. Rg6+ Kxf4 50. h6 Ne4 51. h7 Nc5+ 52. Kc2 1-0


[Site "https://www.chess.com"]

[Event "Titled Tuesday Blitz November 08 Late 2022"]
[White "Dzierzak, Radoslaw"]
[Black "Rodriguez Fontecha, Marcos"]
[WhiteFideId "1161407"]
[BlackFideId "2256576"]
[WhiteElo "2111"]
[BlackElo "2263"]
[Result "1-0"]
[Round "11"]
[TimeControl "180+1"]
[Date "2022.11.09"]
[WhiteClock "0:00:17"]
[BlackClock "0:01:02"]

1. e4 e6 2. Nf3 d5 3. Nc3 Nf6 4. e5 Nfd7 5. d4 c5 6. dxc5 Nc6 7. Bf4 Bxc5 8. Bd3 a6 9. h4 b5 10. h5 b4 11. Ne2 h6 12. Rh3 Qb6 13. Be3 Bxe3 14. fxe3 Qxe3 15. Nd4 Qg5 16. Rg3 Qxg3+ 17. Nxg3 Nxd4 18. Qg4 Nc6 19. Qxg7 Rf8 20. Qxh6 Bb7 21. Qg5 Ncxe5 22. O-O-O f6 23. Bg6+ Ke7 24. Qf4 Rg8 25. Qxb4+ Kd8 26. Qxb7 Rb8 27. Qxa6 Nxg6 28. hxg6 Rxg6 29. Qxe6 Rxg3 30. Rxd5 Rb7 31. Qxf6+ Ke8 32. Qe6+ Kd8 33. Qf6+ Ke8 34. Qh8+ Kf7 35. Qh7+ Rg7 36. Qf5+ Nf6 37. Rd6 1-0


[Site "https://www.chess.com"]

[Event "Titled Tuesday Blitz November 08 Late 2022"]
[White "Fernandez De La Vara, Arnaldo"]
[Black "Mendez Fortes, Eduardo Jesus"]
[WhiteFideId "3518388"]
[BlackFideId "3502376"]
[WhiteElo "2387"]
[BlackElo "2307"]
[Result "1-0"]
[Round "11"]
[TimeControl "180+1"]
[Date "2022.11.09"]
[WhiteClock "0:02:07"]
[BlackClock "0:00:06"]

1. Nf3 d5 2. g3 Nf6 3. Bg2 e6 4. O-O Be7 5. c4 d4 6. b4 c5 7. bxc5 Bxc5 8. Ba3 Bxa3 9. Qa4+ Nc6 10. Qxa3 Qe7 11. d3 e5 12. Qxe7+ Kxe7 13. Nbd2 Bg4 14. Rab1 Rab8 15. Rb5 Nd7 16. Rfb1 b6 17. h3 Bxf3 18. Nxf3 f6 19. e3 dxe3 20. fxe3 a6 21. Rd5 Nc5 22. d4 exd4 23. exd4 Nd3 24. a3 Rhd8 25. Bf1 Nce5 26. dxe5 Nxe5 27. Nxe5 Rxd5 28. Nc6+ Kd6 29. cxd5 Re8 30. Rxb6 Kxd5 31. Rxa6 Re3 32. Kf2 Rc3 33. Bg2+ Kc5 34. Nb4 f5 35. Rc6+ Kd4 36. Rxc3 Kxc3 37. Nd5+ 1-0


[Site "https://www.chess.com"]

[Event "Titled Tuesday Blitz November 08 Late 2022"]
[White "Ferreira, Vitor Hugo Vieira"]
[Black "Kopacz, Grzegorz"]
[WhiteFideId "2119765"]
[BlackFideId "1109880"]
[WhiteElo "2168"]
[BlackElo "2037"]
[Result "0-1"]
[Round "11"]
[TimeControl "180+1"]
[Date "2022.11.09"]
[WhiteClock "0:01:44"]
[BlackClock "0:01:42"]

1. Nf3 Nf6 2. g3 g6 3. Bg2 Bg7 4. O-O O-O 5. c4 c6 6. d3 d5 7. Nc3 Bf5 8. Nd4 Bg4 9. h3 Bc8 10. e4 dxc4 11. dxc4 Nxe4 12. Nxe4 Qxd4 13. Qe2 Be6 14. Be3 Qxc4 15. Qd2 Na6 16. Rfc1 Qa4 17. b3 Qb5 18. Bf1 Qf5 19. Bxa6 bxa6 20. Nc5 Bxa1 21. Rxa1 Bd5 22. Kh2 Qf3 23. Rg1 f5 24. Bh6 Rf6 25. Qe1 Re8 26. g4 fxg4 27. Rxg4 Rf5 28. Be3 Rh5 29. Rg3 Rxh3+ 30. Kxh3 Qh5# 0-1


[Site "https://www.chess.com"]

[Event "Titled Tuesday Blitz November 08 Late 2022"]
[White "Firouzja, Alireza"]
[Black "Dubov, Daniil"]
[WhiteFideId "12573981"]
[BlackFideId "24126055"]
[WhiteElo "2903"]
[BlackElo "2791"]
[Result "1-0"]
[Round "11"]
[TimeControl "180+1"]
[Date "2022.11.09"]
[WhiteClock "0:00:34"]
[BlackClock "0:00:02"]

1. e4 e5 2. Nf3 Nc6 3. Bb5 a6 4. Ba4 Nf6 5. O-O Be7 6. d3 b5 7. Bb3 d6 8. c3 O-O 9. h3 Na5 10. Bc2 c5 11. d4 cxd4 12. cxd4 Bd7 13. a3 Rc8 14. Nc3 Nc4 15. Ne2 exd4 16. Nfxd4 Re8 17. Ng3 Bf8 18. b3 Ne5 19. Bb2 g6 20. Qd2 Bg7 21. Rad1 h5 22. f4 Nc6 23. Nf3 h4 24. Nxh4 Nxe4 25. Bxe4 Qxh4 26. Kh2 Bxb2 27. Qxb2 Qe7 28. Qd2 Rc7 29. f5 Ne5 30. fxg6 fxg6 31. Qxd6 Bc6 32. Bxg6 Rd7 33. Qxe7 Rexe7 34. Bf5 Rc7 35. Rd6 Nf7 36. Rg6+ Kf8 37. Be6 Bb7 38. Rgf6 Ke8 39. Bxf7+ Rxf7 40. Rxf7 Rxf7 41. Rxf7 Kxf7 42. Nf5 Ke6 43. g4 Ke5 44. Kg3 a5 45. b4 axb4 46. axb4 Be4 47. h4 Bd3 48. h5 Be4 49. h6 Kf6 50. h7 1-0


[Site "https://www.chess.com"]

[Event "Titled Tuesday Blitz November 08 Late 2022"]
[White "Floresvillar Gonzalez, Luis Migu"]
[Black "Burke, Paul"]
[WhiteFideId "5100542"]
[BlackFideId "2605767"]
[WhiteElo "2040"]
[BlackElo "1827"]
[Result "1/2-1/2"]
[Round "11"]
[TimeControl "180+1"]
[Date "2022.11.09"]
[WhiteClock "0:01:40"]
[BlackClock "0:01:24"]

1. e4 e5 2. Nf3 Nc6 3. d4 exd4 4. Bc4 Be7 5. c3 d6 6. cxd4 Nf6 7. Nc3 O-O 8. O-O Nxe4 9. Nxe4 d5 10. Bd3 dxe4 11. Bxe4 Bg4 12. d5 Ne5 13. h3 Nxf3+ 14. Bxf3 Bxf3 15. Qxf3 Bf6 16. Rd1 Qd6 17. Bf4 Qb6 18. Rab1 Rad8 19. Rd2 Rd7 20. Rbd1 Rfd8 21. b3 Qa5 22. Kh2 Qc3 23. Qxc3 Bxc3 24. Rd3 Ba5 25. a3 Bb6 26. a4 Bxf2 27. b4 a6 28. b5 axb5 29. axb5 Bb6 30. d6 cxd6 31. Rxd6 Rxd6 32. Rxd6 Rxd6 33. Bxd6 f6 1/2-1/2


[Site "https://www.chess.com"]

[Event "Titled Tuesday Blitz November 08 Late 2022"]
[White "Gardezi, Arsal"]
[Black "Vargas, Mauricio"]
[WhiteFideId "30949521"]
[BlackFideId "4404572"]
[WhiteElo "1906"]
[BlackElo "2025"]
[Result "1-0"]
[Round "11"]
[TimeControl "180+1"]
[Date "2022.11.09"]
[WhiteClock "0:02:32"]
[BlackClock "0:02:33"]

1. e4 c5 2. Nf3 d6 3. c3 Nf6 4. Bd3 g6 5. O-O Bg7 6. Bc2 O-O 7. d4 cxd4 8. cxd4 d5 9. e5 Ne4 10. Nc3 Nxc3 11. bxc3 Bg4 12. h3 Bxf3 13. Qxf3 e6 14. Rb1 b6 15. Ba3 Re8 16. Ba4 Nd7 17. Bd6 a6 18. Bxd7 Qxd7 19. Rxb6 Rec8 20. Rfb1 Ra7 21. Rb8 Bf8 22. Rxc8 Qxc8 23. Rb8 1-0


[Site "https://www.chess.com"]

[Event "Titled Tuesday Blitz November 08 Late 2022"]
[White "Goryachkina, Aleksandra"]
[Black "Ladan, Nicholas"]
[WhiteFideId "4147103"]
[BlackFideId "30918855"]
[WhiteElo "2484"]
[BlackElo "2167"]
[Result "1-0"]
[Round "11"]
[TimeControl "180+1"]
[Date "2022.11.09"]
[WhiteClock "0:00:10"]
[BlackClock "0:00:01"]

1. e4 e5 2. Nc3 Nc6 3. Nf3 Nf6 4. d4 exd4 5. Nxd4 Bb4 6. Nxc6 bxc6 7. Bd3 O-O 8. O-O d5 9. exd5 cxd5 10. h3 h6 11. Qf3 c6 12. Bf4 Bd6 13. Ne2 Re8 14. Rad1 a5 15. c4 Ba6 16. Nd4 Bxf4 17. Qxf4 dxc4 18. Bc2 Qb6 19. Nf5 Qxb2 20. Rd6 Nh5 21. Qg4 Qxc2 22. Qxh5 c3 23. Qg4 g6 24. Rxg6+ Kh8 25. Rxh6# 1-0


[Site "https://www.chess.com"]

[Event "Titled Tuesday Blitz November 08 Late 2022"]
[White "Gritsenko, Nikolai"]
[Black "Janaszak, Dawid"]
[WhiteFideId "14112493"]
[BlackFideId "1119206"]
[WhiteElo "2389"]
[BlackElo "2226"]
[Result "0-1"]
[Round "11"]
[TimeControl "180+1"]
[Date "2022.11.09"]
[WhiteClock "0:00:01"]
[BlackClock "0:00:06"]

1. d4 Nf6 2. Bg5 d5 3. Nd2 Bf5 4. e3 e6 5. c4 c6 6. Ngf3 Bd6 7. Qb3 Qc8 8. Bd3 Bxd3 9. Qxd3 Nbd7 10. O-O O-O 11. Rac1 h6 12. Bh4 a5 13. a3 Qb8 14. Rfe1 Re8 15. e4 dxe4 16. Nxe4 Nxe4 17. Qxe4 a4 18. Ne5 Nxe5 19. dxe5 Bc5 20. Rc3 Qa7 21. Qg4 Bf8 22. Bf6 Qa5 23. Ree3 Kh7 24. Rg3 g6 25. h4 h5 26. Qe4 Bh6 27. Rcf3 Qc7 28. Bg5 Bg7 29. Bf6 Bh6 30. Bg5 Bg7 31. Rh3 Rf8 32. Bf6 Rad8 33. g4 Rd1+ 34. Kg2 hxg4 35. Qxg4 Bxf6 36. exf6 Qe5 37. h5 g5 38. h6 Rg8 39. Rhg3 Rg6 40. Qh5 Qe1 41. Re3 Qf1+ 42. Kf3 Qxc4 43. Kg2 Qd5+ 44. Ref3 Rd3 45. Qg4 e5 46. Kh2 Rxf3 47. Rxf3 Rxh6+ 48. Kg2 e4 49. Rf5 Qe6 50. Kf1 e3 51. Qxg5 e2+ 0-1


[Site "https://www.chess.com"]

[Event "Titled Tuesday Blitz November 08 Late 2022"]
[White "Guha, Eshan"]
[Black "Poliakova, Varvara"]
[WhiteFideId "30958628"]
[BlackFideId "13518313"]
[WhiteElo "2376"]
[BlackElo "2099"]
[Result "0-1"]
[Round "11"]
[TimeControl "180+1"]
[Date "2022.11.09"]
[WhiteClock "0:00:08"]
[BlackClock "0:02:03"]

1. d4 f5 2. Nc3 d6 3. Bg5 g6 4. h4 h6 5. Bf4 Bg7 6. e4 fxe4 7. Nxe4 Nc6 8. c3 e5 9. dxe5 Nxe5 10. Nf3 Nxf3+ 11. gxf3 d5 12. Ng3 Nf6 13. Bd3 Qe7+ 14. Kd2 O-O 15. Be3 c5 16. Bxg6 d4 17. cxd4 cxd4 18. Bxd4 Rd8 19. Qb3+ Be6 20. Qe3 Rxd4+ 21. Qxd4 Rd8 22. Qxd8+ Qxd8+ 23. Kc2 Qc7+ 24. Kd2 Qd6+ 25. Ke2 Bc4+ 26. Ke1 Nd5 27. Be4 Nf4 28. Rd1 Qb4+ 29. Rd2 Bxb2 30. Kd1 Bc3 31. Rd8+ Kf7 32. Nf5 Be2+ 33. Kc1 Qb2# 0-1


[Site "https://www.chess.com"]

[Event "Titled Tuesday Blitz November 08 Late 2022"]
[White "Hajiyev, Kanan"]
[Black "Ardila, Oscar Humberto"]
[WhiteFideId "13404148"]
[BlackFideId "4404742"]
[WhiteElo "2118"]
[BlackElo "1959"]
[Result "0-1"]
[Round "11"]
[TimeControl "180+1"]
[Date "2022.11.09"]
[WhiteClock "0:00:27"]
[BlackClock "0:00:13"]

1. d4 Nf6 2. c4 e6 3. Nf3 Bb4+ 4. Bd2 Qe7 5. Nc3 Nc6 6. a3 Bxc3 7. Bxc3 O-O 8. Qc2 d6 9. e4 e5 10. d5 Nb8 11. Bd3 Bg4 12. c5 Bxf3 13. cxd6 cxd6 14. gxf3 Nbd7 15. Rg1 Nh5 16. Rg4 Nf4 17. O-O-O Rac8 18. Rdg1 g6 19. Kb1 Nc5 20. Bf1 Rc7 21. Qd2 Nb3 22. Qe3 Rfc8 23. Ka2 Rxc3 24. bxc3 Nc5 25. h4 h5 26. Rxf4 exf4 27. Qxf4 Na4 28. c4 b5 29. Bd3 bxc4 30. Bc2 Nc3+ 31. Kb2 Nb5 32. e5 Qxe5+ 33. Qxe5 dxe5 34. Re1 c3+ 35. Ka2 Nd4 36. Be4 f5 37. Bd3 Nxf3 38. Rb1 e4 39. Ba6 Rd8 40. Rc1 Nxh4 41. Rxc3 Nf3 42. Rc7 h4 43. Bf1 Rd6 44. Rc6 Rd8 45. Rxg6+ Kf7 46. Ra6 Ke7 47. Rxa7+ Kd6 48. Rf7 Ke5 49. Bc4 h3 50. Rh7 h2 51. a4 Kd4 52. Bb3 e3 53. fxe3+ Kxe3 54. a5 f4 55. a6 Ra8 56. Kb2 Ra7 57. Rh5 Rxa6 58. d6 Rxd6 59. Kc3 Rd3+ 60. Kc2 Nd4+ 61. Kc1 Nxb3+ 62. Kc2 Nd4+ 63. Kc1 Nf3 64. Rh3 Ra3 65. Kb2 Rd3 66. Rh8 Rd2+ 67. Kc3 Rd7 68. Re8+ Kf2 69. Rh8 Kg2 70. Kc4 h1=Q 71. Rxh1 Kxh1 72. Kc5 Kg1 73. Kc6 Rd2 74. Kc5 Kf2 75. Kc4 Ke3 76. Kc3 Ne5 77. Kb3 f3 78. Kc3 f2 79. Kb3 f1=Q 80. Ka3 Nf7 81. Kb3 Nh8 82. Kc3 Ng6 83. Kb4 Nh4 84. Kc3 Ng2 85. Kb3 Nf4 86. Kc3 Nd5+ 87. Kb3 Ne7 88. Ka3 Nc8 89. Kb3 Na7 90. Kc3 Nc6 91. Kb3 Na5+ 92. Kc3 Qc1+ 93. Kb4 Rb2+ 94. Ka3 Nc4+ 95. Ka4 Qc2# 0-1


[Site "https://www.chess.com"]

[Event "Titled Tuesday Blitz November 08 Late 2022"]
[White "Harish, Neeraj"]
[Black "Sanchez, Robert"]
[WhiteFideId "30958130"]
[BlackFideId "2034360"]
[WhiteElo "1815"]
[BlackElo "2270"]
[Result "1-0"]
[Round "11"]
[TimeControl "180+1"]
[Date "2022.11.09"]
[WhiteClock "0:01:40"]
[BlackClock "0:02:27"]

1. e4 d5 2. exd5 Qxd5 3. Nc3 Qe6+ 4. Be2 Qg6 5. Bf3 Nc6 6. Nge2 e5 7. O-O Bd7 8. d4 exd4 9. Nxd4 O-O-O 10. Be3 Nf6 11. Qe2 Ne5 12. Ndb5 a6 13. Nd4 Bd6 14. Rab1 Nxf3+ 15. Qxf3 Bg4 1-0


[Site "https://www.chess.com"]

[Event "Titled Tuesday Blitz November 08 Late 2022"]
[White "Harvey, Marcus R"]
[Black "Kosakowski, Jakub"]
[WhiteFideId "400092"]
[BlackFideId "1185080"]
[WhiteElo "2457"]
[BlackElo "2463"]
[Result "0-1"]
[Round "11"]
[TimeControl "180+1"]
[Date "2022.11.09"]
[WhiteClock "0:00:02"]
[BlackClock "0:01:00"]

1. d4 Nf6 2. c4 e6 3. Nf3 c5 4. d5 b5 5. dxe6 fxe6 6. cxb5 d5 7. a4 Nbd7 8. Na3 Bd6 9. Bg5 O-O 10. e4 Bb7 11. exd5 exd5 12. Be2 h6 13. Bh4 d4 14. Nc4 Bc7 15. Bg3 Ne4 16. Bxc7 Qxc7 17. O-O Rae8 18. Ncd2 Nxd2 19. Nxd2 Ne5 20. Re1 Qf7 21. f3 Kh8 22. Qc2 Ng4 23. Qxc5 Qf4 24. Nf1 Ne3 25. Nxe3 Qxe3+ 26. Kh1 Qf2 27. Qc2 Re3 28. Qd2 Rfxf3 29. gxf3 Rxf3 0-1


[Site "https://www.chess.com"]

[Event "Titled Tuesday Blitz November 08 Late 2022"]
[White "Haszon, David"]
[Black "Aghasiyev, Kamal"]
[WhiteFideId "733610"]
[BlackFideId "13402854"]
[WhiteElo "2211"]
[BlackElo "2341"]
[Result "0-1"]
[Round "11"]
[TimeControl "180+1"]
[Date "2022.11.09"]
[WhiteClock "0:02:15"]
[BlackClock "0:02:40"]

1. d4 d5 2. Bf4 Nf6 3. Nf3 e6 4. e3 b6 5. Bd3 Bb7 6. c3 Bd6 7. Bg3 O-O 8. Nbd2 c5 9. e4 dxe4 10. Nxe4 Bxe4 11. dxc5 Bxg3 12. Bxe4 Bxf2+ 13. Kxf2 Nxe4+ 14. Ke3 Nxc5 0-1


[Site "https://www.chess.com"]

[Event "Titled Tuesday Blitz November 08 Late 2022"]
[White "Howell, David W L"]
[Black "Faizrakhmanov, Ramil"]
[WhiteFideId "410608"]
[BlackFideId "24103209"]
[WhiteElo "2567"]
[BlackElo "2437"]
[Result "1-0"]
[Round "11"]
[TimeControl "180+1"]
[Date "2022.11.09"]
[WhiteClock "0:00:07"]
[BlackClock "0:00:02"]

1. d4 Nf6 2. Nf3 d5 3. g3 Bg4 4. Bg2 e6 5. c4 c6 6. h3 Bxf3 7. Bxf3 dxc4 8. O-O Nbd7 9. Qc2 Nb6 10. Rd1 Be7 11. e3 O-O 12. Nd2 Qc7 13. Nxc4 Nxc4 14. Qxc4 Rfd8 15. b4 Bd6 16. Kg2 e5 17. dxe5 Bxe5 18. Rxd8+ Rxd8 19. Rb1 a6 20. a4 Nd5 21. Qc2 g6 22. Bd2 Nb6 23. Be1 Nd5 24. b5 cxb5 25. Qxc7 Nxc7 26. axb5 axb5 27. Bxb7 Rb8 28. Bc6 Bd6 29. Rd1 Bf8 30. Bc3 b4 31. Be5 Rb6 32. Bd7 Ne6 33. Bxe6 Rxe6 34. Bb2 Rc6 35. Rd8 f6 36. Rb8 Kf7 37. Kf3 Be7 38. Bd4 h5 39. g4 hxg4+ 40. hxg4 Ke6 41. Ke4 f5+ 42. gxf5+ gxf5+ 43. Kd3 Ra6 44. Rb5 Bd6 45. f4 Ra3+ 46. Kc4 Ra2 47. Rb6 Rc2+ 48. Kd3 Rc1 49. Be5 Rd1+ 50. Kc4 Rc1+ 51. Kb3 Rd1 52. Kc2 Rd5 53. Kb3 Rd3+ 54. Kc4 Rd1 55. Rxd6+ Rxd6 56. Bxd6 Kxd6 57. Kxb4 Kd5 58. Kc3 Kc5 59. Kc2 Kc4 60. Kd2 Kd5 61. Kd3 Ke6 62. Kc4 Kd6 63. Kd4 Ke6 64. Kc5 1-0


[Site "https://www.chess.com"]

[Event "Titled Tuesday Blitz November 08 Late 2022"]
[White "Hryzlova, Sofiia"]
[Black "Martic, Ivan"]
[WhiteFideId "14174669"]
[BlackFideId "929301"]
[WhiteElo "1992"]
[BlackElo "2355"]
[Result "1-0"]
[Round "11"]
[TimeControl "180+1"]
[Date "2022.11.09"]
[WhiteClock "0:00:19"]
[BlackClock "0:00:10"]

1. e4 c5 2. Nf3 e6 3. d4 cxd4 4. Nxd4 a6 5. c4 Nf6 6. Nc3 d6 7. Be2 Be7 8. Be3 Qc7 9. f3 b6 10. Rc1 Bb7 11. g4 h6 12. a3 g5 13. Kd2 Nbd7 14. Kc2 Ne5 15. Kb1 Rc8 16. Qd2 Qb8 17. Na4 Ba8 18. Nb3 Nfd7 19. Rhd1 Bc6 20. Nc3 Rg8 21. Nd4 Bb7 22. b3 Ba8 23. Kb2 Nc5 24. h4 Bf6 25. hxg5 hxg5 26. Rh1 b5 27. Rh6 Bg7 28. Rh7 bxc4 29. b4 Ncd3+ 30. Bxd3 Nxd3+ 31. Ka2 Nxc1+ 32. Qxc1 Bf6 33. Rh6 Be7 34. Qd2 Qc7 35. Nde2 Rd8 36. Rh7 d5 37. exd5 Bxd5 38. Bd4 e5 39. Be3 Be4 40. Qxd8+ Qxd8 41. fxe4 Qd3 42. Bc1 a5 43. bxa5 Qc2+ 44. Bb2 Qb3+ 45. Ka1 Bxa3 46. Bxa3 Qxa3+ 47. Kb1 Qxa5 48. Kc2 Qb4 49. Rh1 Qb3+ 50. Kd2 Kd7 51. Rb1 Qa3 52. Rb7+ Kc6 53. Rc7+ Kb6 54. Nd5+ Ka6 55. Rxc4 Rd8 56. Nc3 Qb2+ 57. Kd3 Rxd5+ 58. exd5 Qb8 59. Ra4+ Kb7 60. Rb4+ Kc8 61. Rxb8+ Kxb8 62. Ke4 Kc7 63. Kf5 Kd7 64. Ne4 Ke7 65. Kxe5 f6+ 66. Nxf6 Kf7 67. Ne4 Kg6 68. Ke6 Kh6 69. Kf5 Kg7 70. Nxg5 Kh6 71. Ne4 Kg7 72. Ke6 Kh6 73. d6 Kg6 74. d7 Kh6 75. d8=Q Kg6 76. Qf6+ Kh7 77. Ng5+ Kg8 78. Qf7+ Kh8 79. Qf8# 1-0


[Site "https://www.chess.com"]